[Event "XIII Closed IM BCC 2021"]
[Site "Barcelona"]
[Date "2021.04.05"]
[Round "1.1"]
[White "Martin Barcelo, Carles"]
[Black "Rodriguez Garcia, Yuliesky"]
[Result "1-0"]
[ECO "B52"]
[WhiteElo "2201"]
[BlackElo "2175"]
[Annotator "ChessBase"]
[PlyCount "67"]
[EventDate "2021.04.05"]
[EventType "tourn"]
[EventCountry "ESP"]
[SourceTitle "playchess.com"]
[Source "ChessBase"]
[SourceQuality "1"]
[TimeControl "5400+30"]

1. e4 c5 2. Nf3 d6 3. Bb5+ Bd7 4. Bxd7+ Qxd7 5. c4 e5 6. Nc3 Nc6 7. d3 h6 8. O-O g5 9. a3 Bg7 10. Rb1 Nge7 11. b4 cxb4 12. axb4 O-O 13. Ne1 f5 14. exf5 Qxf5 15. Nc2 Nd4 16. Ne3 Qf7 17. Ned5 Nef5 18. Be3 Nh4 19. Bxd4 exd4 20. Ne4 Be5 21. b5 b6 22. Ra1 Qg7 23. Qg4 Nf5 24. Ra6 Rae8 25. Rfa1 Rf7 26. R1a4 Re6 27. Qd1 g4 28. g3 Nh4 29. gxh4 Bxh2+ 30. Kxh2 Rxe4 31. dxe4 Rxf2+ 32. Kg1 Rf3 33. Rxa7 Qe5 34. Ne7+ 1-0

[Event "XIII Closed IM BCC 2021"]
[Site "Barcelona"]
[Date "2021.04.05"]
[Round "1.2"]
[White "Martinez Fernandez, Adrian"]
[Black "Munoz, Miguel"]
[Result "1/2-1/2"]
[ECO "A36"]
[WhiteElo "2369"]
[BlackElo "2462"]
[Annotator "ChessBase"]
[PlyCount "90"]
[EventDate "2021.04.05"]
[EventType "tourn"]
[EventCountry "ESP"]
[SourceTitle "playchess.com"]
[Source "ChessBase"]
[SourceQuality "1"]
[TimeControl "5400+30"]

1. c4 c5 2. Nc3 Nc6 3. g3 g6 4. Bg2 Bg7 5. e3 d6 6. Nge2 Nf6 7. O-O O-O 8. b3 Bf5 9. d3 Qd7 10. Bb2 Bh3 11. Nf4 Bxg2 12. Kxg2 e5 13. Nfd5 Nxd5 14. Nxd5 f5 15. Qd2 Rae8 16. Rae1 Ne7 17. Nxe7+ Rxe7 18. e4 f4 19. f3 h5 20. Qe2 Bh6 21. Bc3 Ref7 22. b4 b6 23. Bd2 Kh7 24. Rf2 Qa4 25. b5 a6 26. bxa6 Ra7 27. gxf4 Bxf4 28. Bxf4 Rxf4 29. Kh1 Qxa6 30. Rg1 Raf7 31. Rfg2 Rg7 32. Rg3 Qa7 33. Qb2 Qc7 34. Qb5 Qd8 35. Qc6 Qf6 36. Qxb6 h4 37. Rg5 Rxf3 38. Qb1 Rf2 39. Qd1 Qf4 40. R5g2 Qf3 41. Qe1 Rxg2 42. Qxh4+ Kg8 43. Qd8+ Kh7 44. Qh4+ Kg8 45. Qd8+ Kh7 1/2-1/2

[Event "XIII Closed IM BCC 2021"]
[Site "Barcelona"]
[Date "2021.04.05"]
[Round "1.3"]
[White "Benedetti, Julio"]
[Black "Droin, Augustin"]
[Result "0-1"]
[ECO "B12"]
[WhiteElo "2282"]
[BlackElo "2292"]
[Annotator "ChessBase"]
[PlyCount "84"]
[EventDate "2021.04.05"]
[EventType "tourn"]
[EventCountry "ESP"]
[SourceTitle "playchess.com"]
[Source "ChessBase"]
[SourceQuality "1"]
[TimeControl "5400+30"]

1. e4 c6 2. d4 d5 3. e5 Bf5 4. Nf3 e6 5. Be2 c5 6. c4 dxc4 7. Nc3 Nc6 8. Be3 cxd4 9. Nxd4 Nxd4 10. Bxd4 Ne7 11. Bf3 Qd7 12. Bc5 Bd3 13. Ne4 Nc6 14. Bd6 Bxe4 15. Bxe4 Bxd6 16. exd6 Rd8 17. O-O Qxd6 18. Qc2 Qc5 19. Rfd1 Nd4 20. Qa4+ b5 21. Qa5 O-O 22. a4 Qe7 23. Rab1 Nb3 24. Qxb5 Nd2 25. Rxd2 Rxd2 26. Qxc4 Qf6 27. Bf3 Qd4 28. Qxd4 Rxd4 29. b3 g6 30. Rc1 Rd3 31. Rb1 Rb8 32. Bd1 a5 33. Kf1 Rc8 34. Ke2 Rd4 35. Ke3 e5 36. Bf3 Rc3+ 37. Ke2 e4 38. Bg4 f5 39. Bh3 Kf7 40. g3 Rb4 41. Rd1 Rc2+ 42. Ke3 Kf6 0-1

[Event "XIII Closed IM BCC 2021"]
[Site "Barcelona"]
[Date "2021.04.05"]
[Round "1.4"]
[White "Boyer, Mahel"]
[Black "Asis Gargatagli, Hipolito"]
[Result "0-1"]
[ECO "C77"]
[WhiteElo "2333"]
[BlackElo "2454"]
[Annotator "ChessBase"]
[PlyCount "63"]
[EventDate "2021.04.05"]
[EventType "tourn"]
[EventCountry "ESP"]
[SourceTitle "playchess.com"]
[Source "ChessBase"]
[SourceQuality "1"]
[TimeControl "5400+30"]

1. e4 e5 2. Nf3 Nc6 3. Bb5 a6 4. Ba4 Nf6 5. Nc3 Bd6 6. O-O O-O 7. Bxc6 dxc6 8. d4 exd4 9. Qxd4 Ng4 10. Rd1 Qe7 11. Be3 f5 12. h3 f4 13. hxg4 fxe3 14. Qxe3 Bxg4 15. Ne2 Kh8 16. Ng3 Rae8 17. Rd3 Bf4 18. Qe1 Bxg3 19. fxg3 Qxe4 20. Qxe4 Rxe4 21. Rad1 Ree8 22. Kf2 Bf5 23. Rc3 g5 24. Kg1 h6 25. Rd2 g4 26. Nd4 Re1+ 27. Kf2 Bd3+ 28. Nf3 Rf1+ 29. Ke3 gxf3 30. Rcxd3 f2 31. Rd8 Re1+ 32. Kd4 0-1

[Event "XIII Closed IM BCC 2021"]
[Site "Barcelona"]
[Date "2021.04.05"]
[Round "1.5"]
[White "Ruperez, Miguel"]
[Black "Martin Gonzalez, Angel"]
[Result "1-0"]
[ECO "A60"]
[WhiteElo "2121"]
[BlackElo "2291"]
[Annotator "ChessBase"]
[PlyCount "69"]
[EventDate "2021.04.05"]
[EventType "tourn"]
[EventCountry "ESP"]
[SourceTitle "playchess.com"]
[Source "ChessBase"]
[SourceQuality "1"]
[TimeControl "5400+30"]

1. d4 Nf6 2. c4 c5 3. d5 e6 4. Nc3 exd5 5. cxd5 d6 6. Nf3 a6 7. a4 g6 8. Nd2 Nbd7 9. e4 Bg7 10. Be2 O-O 11. O-O Re8 12. f4 c4 13. Kh1 Nc5 14. e5 dxe5 15. fxe5 Rxe5 16. Nxc4 Rf5 17. Bf3 Ng4 18. Ne3 Nxe3 19. Bxe3 Nd7 20. d6 Be5 21. g4 Qh4 22. Bg1 Rf4 23. Nd5 Bxd6 24. Nxf4 Bxf4 25. Qe1 Qg5 26. Qe8+ Kg7 27. Rad1 Nf6 28. Bd4 Rb8 29. Bxf6+ Qxf6 30. Rd8 Qh4 31. Qh8+ Kh6 32. g5+ Kxg5 33. Rg1+ Kf5 34. Bg4+ Qxg4 35. Rxg4 1-0

[Event "XIII Closed IM BCC 2021"]
[Site "Barcelona"]
[Date "2021.04.06"]
[Round "2.1"]
[White "Rodriguez Garcia, Yuliesky"]
[Black "Martin Gonzalez, Angel"]
[Result "1/2-1/2"]
[ECO "A01"]
[WhiteElo "2175"]
[BlackElo "2291"]
[Annotator "ChessBase"]
[PlyCount "69"]
[EventDate "2021.04.05"]
[EventType "tourn"]
[EventCountry "ESP"]
[SourceTitle "playchess.com"]
[Source "ChessBase"]
[SourceQuality "1"]
[TimeControl "5400+30"]

1. b3 e5 2. Bb2 Nc6 3. e3 d5 4. Bb5 Bd6 5. Nf3 f6 6. a3 Bg4 7. h3 Bh5 8. g4 Bf7 9. d4 e4 10. Nfd2 a6 11. Be2 Nce7 12. c4 c6 13. Nc3 f5 14. Qc2 f4 15. O-O-O Ng6 16. Ncxe4 dxe4 17. d5 cxd5 18. Bxg7 f3 19. Nxf3 exf3 20. Bxf3 Bxa3+ 21. Kb1 N8e7 22. Bxh8 Nxh8 23. Qc3 Qb6 24. Qxh8+ Ng8 25. Qe5+ Kf8 26. Bxd5 Qxb3+ 27. Ka1 Bb4 28. Rc1 Be7 29. g5 Ba3 30. Bxf7 Bxc1 31. Bxg8 Bd2 32. Qf6+ Kxg8 33. Qe6+ Kf8 34. Qf6+ Kg8 35. Qe6+ 1/2-1/2

[Event "XIII Closed IM BCC 2021"]
[Site "Barcelona"]
[Date "2021.04.06"]
[Round "2.2"]
[White "Asis Gargatagli, Hipolito"]
[Black "Ruperez, Miguel"]
[Result "1-0"]
[ECO "B62"]
[WhiteElo "2454"]
[BlackElo "2121"]
[Annotator "ChessBase"]
[PlyCount "43"]
[EventDate "2021.04.05"]
[EventType "tourn"]
[EventCountry "ESP"]
[SourceTitle "playchess.com"]
[Source "ChessBase"]
[SourceQuality "1"]
[TimeControl "5400+30"]

1. e4 c5 2. Nf3 d6 3. d4 cxd4 4. Nxd4 Nf6 5. Nc3 Nc6 6. Bg5 e6 7. Bb5 Bd7 8. Qd3 h6 9. Bh4 Qb6 10. O-O-O a6 11. Bxc6 bxc6 12. Nb3 e5 13. f4 Be6 14. Bxf6 gxf6 15. f5 Bc8 16. Nd2 Rb8 17. Nc4 Qb4 18. a3 Qb7 19. b3 d5 20. exd5 cxd5 21. Nxd5 Be7 22. Nd6+ 1-0

[Event "XIII Closed IM BCC 2021"]
[Site "Barcelona"]
[Date "2021.04.06"]
[Round "2.4"]
[White "Munoz, Miguel"]
[Black "Benedetti, Julio"]
[Result "1-0"]
[ECO "B06"]
[WhiteElo "2462"]
[BlackElo "2282"]
[Annotator "ChessBase"]
[PlyCount "81"]
[EventDate "2021.04.05"]
[EventType "tourn"]
[EventCountry "ESP"]
[SourceTitle "playchess.com"]
[Source "ChessBase"]
[SourceQuality "1"]
[TimeControl "5400+30"]

1. e4 g6 2. g3 Bg7 3. Bg2 c6 4. c4 d6 5. Ne2 Be6 6. d3 h5 7. h3 Qc8 8. Nbc3 Na6 9. Be3 Nc7 10. Rc1 Nf6 11. b3 Bd7 12. d4 O-O 13. Qd2 Re8 14. f4 Rb8 15. e5 Nh7 16. Ne4 dxe5 17. fxe5 Bf5 18. N2c3 Rd8 19. Qf2 f6 20. exf6 Nxf6 21. Ng5 Ne6 22. Nxe6 Qxe6 23. Qe2 Rbc8 24. Bf2 Qd7 25. Rd1 Rf8 26. d5 c5 27. Qe3 b6 28. Ne2 Kh7 29. Ng1 Bg4 30. Nf3 Bh6 31. Qe2 Bf5 32. g4 hxg4 33. Ne5 Qd6 34. hxg4 Bc2 35. Rc1 Be4 36. Bxe4 Kg7 37. Rxh6 Kxh6 38. g5+ Kg7 39. gxf6+ exf6 40. Nxg6 f5 41. Nxf8 1-0

[Event "XIII Closed IM BCC 2021"]
[Site "Barcelona"]
[Date "2021.04.06"]
[Round "2.5"]
[White "Martin Barcelo, Carles"]
[Black "Martinez Fernandez, Adrian"]
[Result "1/2-1/2"]
[ECO "B12"]
[WhiteElo "2201"]
[BlackElo "2369"]
[Annotator "ChessBase"]
[PlyCount "59"]
[EventDate "2021.04.05"]
[EventType "tourn"]
[EventCountry "ESP"]
[SourceTitle "playchess.com"]
[Source "ChessBase"]
[SourceQuality "1"]
[TimeControl "5400+30"]

1. e4 c6 2. d4 g6 3. Nf3 Bg7 4. Bd3 d6 5. c3 Nf6 6. O-O O-O 7. h3 Nbd7 8. a4 e5 9. dxe5 dxe5 10. Qe2 Qe7 11. b3 Nh5 12. Ba3 c5 13. Qc2 Nf4 14. Re1 Nxd3 15. Qxd3 Nf6 16. c4 b6 17. Nc3 Rd8 18. Qc2 a5 19. Bb2 Bb7 20. Nd5 Bxd5 21. cxd5 Nd7 22. Nd2 Rf8 23. Nc4 f5 24. exf5 Rxf5 25. Re2 Raf8 26. Rae1 Qh4 27. Bc3 Rg5 28. Bd2 Rgf5 29. Bc3 Rg5 30. Bd2 1/2-1/2

[Event "XIII Closed IM BCC 2021"]
[Site "Barcelona"]
[Date "2021.04.08"]
[Round "4.2"]
[White "Droin, Augustin"]
[Black "Martin Gonzalez, Angel"]
[Result "1-0"]
[ECO "A70"]
[WhiteElo "2292"]
[BlackElo "2291"]
[Annotator "NA"]
[PlyCount "97"]
[EventDate "2021.04.05"]
[EventType "tourn"]
[EventCountry "ESP"]
[SourceTitle "playchess.com"]
[Source "ChessBase"]
[SourceQuality "1"]
[TimeControl "5400+30"]

1. d4 Nf6 2. c4 c5 3. d5 e6 4. Nc3 exd5 5. cxd5 d6 6. e4 g6 7. Nf3 Bg7 8. h3 O-O 9. Bd3 Nbd7 10. O-O Nh5 11. Be2 Re8 12. Bg5 Bf6 13. Bh6 a6 14. a4 b6 15. Nd2 Ng7 16. f4 Bd4+ 17. Kh2 f5 18. Bf3 Nf6 19. Re1 Ra7 20. Bg5 Rf7 21. Nc4 h6 22. Bxf6 Qxf6 23. Qd2 Bxc3 24. Qxc3 fxe4 25. Qxf6 Rxf6 26. Rxe4 b5 27. axb5 axb5 28. Rxe8+ Nxe8 29. Nb6 Bf5 30. g4 Bd3 31. Kg3 b4 32. Ra8 Bb5 33. Be2 c4 34. Bxc4 Bxc4 35. Rxe8+ Kf7 36. Re4 Bd3 37. Rd4 Bb5 38. Rxb4 Be8 39. Nc4 Ke7 40. Rb7+ Kd8 41. Rh7 g5 42. f5 Bf7 43. Ne3 Ke7 44. Rh8 Be8 45. h4 Bf7 46. hxg5 hxg5 47. Kf3 Kd7 48. Ke4 Be8 49. Nc2 1-0

[Event "XIII Closed IM BCC 2021"]
[Site "Barcelona"]
[Date "2021.04.08"]
[Round "4.4"]
[White "Martin Barcelo, Carles"]
[Black "Boyer, Mahel"]
[Result "0-1"]
[ECO "C02"]
[WhiteElo "2201"]
[BlackElo "2333"]
[Annotator "NA"]
[PlyCount "126"]
[EventDate "2021.04.05"]
[EventType "tourn"]
[EventCountry "ESP"]
[SourceTitle "playchess.com"]
[Source "ChessBase"]
[SourceQuality "1"]
[TimeControl "5400+30"]

1. e4 e6 2. d4 d5 3. e5 c5 4. c3 Nc6 5. Nf3 Nh6 6. Bd3 cxd4 7. cxd4 Nf5 8. Bxf5 exf5 9. Nc3 Be7 10. h4 O-O 11. Bg5 f6 12. exf6 Bxf6 13. Qd2 Re8+ 14. Ne2 Bxg5 15. hxg5 f4 16. Kf1 Bf5 17. Nxf4 Be4 18. Re1 Qd6 19. Nh4 Nxd4 20. f3 Rf8 21. Qxd4 Rxf4 22. Qd2 Raf8 23. Kg1 Bxf3 24. Nxf3 Rxf3 25. gxf3 Qg3+ 26. Qg2 Qxe1+ 27. Kh2 Qe5+ 28. Kh3 Qf5+ 29. Qg4 Qxf3+ 30. Qxf3 Rxf3+ 31. Kg4 Rf2 32. Rd1 Rxb2 33. Rxd5 Rg2+ 34. Kf5 Rf2+ 35. Kg4 g6 36. Rd7 Rf7 37. Rd8+ Kg7 38. a4 b6 39. Rd5 Kf8 40. a5 bxa5 41. Rxa5 Ke8 42. Ra6 Kd8 43. Rc6 Kd7 44. Ra6 Kc8 45. Rc6+ Kb7 46. Rf6 Re7 47. Kf4 a5 48. Rd6 Rf7+ 49. Ke4 Rf5 50. Rd7+ Kb6 51. Rxh7 Rxg5 52. Kd4 a4 53. Kc4 a3 54. Kb3 Rg3+ 55. Kc2 Kc6 56. Re7 Kd5 57. Re8 g5 58. Re7 g4 59. Re8 Rf3 60. Rg8 g3 61. Rg7 Ke4 62. Rg4+ Ke3 63. Rg8 Kf2 0-1

[Event "XIII Closed IM BCC 2021"]
[Site "Barcelona"]
[Date "2021.04.08"]
[Round "4.5"]
[White "Martinez Fernandez, Adrian"]
[Black "Benedetti, Julio"]
[Result "0-1"]
[ECO "B33"]
[WhiteElo "2369"]
[BlackElo "2282"]
[Annotator "NA"]
[PlyCount "84"]
[EventDate "2021.04.05"]
[EventType "tourn"]
[EventCountry "ESP"]
[SourceTitle "playchess.com"]
[Source "ChessBase"]
[SourceQuality "1"]
[TimeControl "5400+30"]

1. e4 c5 2. Nf3 Nc6 3. d4 cxd4 4. Nxd4 Nf6 5. Nc3 e5 6. Ndb5 d6 7. Bg5 a6 8. Na3 b5 9. Nd5 Be7 10. Bxf6 Bxf6 11. c4 b4 12. Nc2 a5 13. g3 h5 14. h4 g6 15. Bh3 Bb7 16. Qd3 Bg7 17. Rd1 O-O 18. O-O Re8 19. Rfe1 Rb8 20. b3 Ba8 21. Kh2 Rb7 22. Qe2 Ra7 23. Rd3 Nd4 24. Qd1 Bxd5 25. cxd5 Nb5 26. Qd2 Rc7 27. Rf3 Kh7 28. Bf1 Bh6 29. Qd3 Rb7 30. Qc4 Ree7 31. Qc6 Nc3 32. a3 Bd2 33. Ra1 Nxe4 34. Bd3 Nc5 35. Ba6 Rbc7 36. Qb6 Nxa6 37. Rd1 Bh6 38. Qxa5 e4 39. Nxb4 Nxb4 40. Rc3 Nd3 41. f3 Qc8 42. Rxc7 Rxc7 0-1

[Event "XIII Closed IM BCC 2021"]
[Site "Barcelona"]
[Date "2021.04.09"]
[Round "5.1"]
[White "Benedetti, Julio"]
[Black "Rodriguez Garcia, Yuliesky"]
[Result "1-0"]
[ECO "A08"]
[WhiteElo "2282"]
[BlackElo "2175"]
[Annotator "NA"]
[PlyCount "45"]
[EventDate "2021.04.05"]
[EventType "tourn"]
[EventCountry "ESP"]
[SourceTitle "playchess.com"]
[Source "ChessBase"]
[SourceQuality "1"]
[TimeControl "5400+30"]

1. e4 e6 2. d3 d5 3. Nd2 Nf6 4. g3 c5 5. Bg2 Nc6 6. Ngf3 Be7 7. O-O O-O 8. Re1 b6 9. e5 Ne8 10. Nf1 Nc7 11. Ne3 Bb7 12. h4 f6 13. exf6 Bxf6 14. Ng4 h5 15. Nxf6+ Qxf6 16. Bf4 e5 17. Nxe5 Nxe5 18. Rxe5 Ne6 19. Qxh5 Nxf4 20. gxf4 Qxf4 21. Rf1 Rf7 22. Bh3 g6 23. Rg5 1-0

[Event "XIII Closed IM BCC 2021"]
[Site "Barcelona"]
[Date "2021.04.09"]
[Round "5.2"]
[White "Boyer, Mahel"]
[Black "Martinez Fernandez, Adrian"]
[Result "1-0"]
[ECO "D02"]
[WhiteElo "2333"]
[BlackElo "2369"]
[Annotator "NA"]
[PlyCount "101"]
[EventDate "2021.04.05"]
[EventType "tourn"]
[EventCountry "ESP"]
[SourceTitle "playchess.com"]
[Source "ChessBase"]
[SourceQuality "1"]
[TimeControl "5400+30"]

1. d4 d5 2. Nf3 Nf6 3. Bf4 c5 4. e3 Nc6 5. Nbd2 Qb6 6. dxc5 Qxb2 7. Rb1 Qc3 8. Bb5 e6 9. Ne5 Bd7 10. Rb3 Qa5 11. c4 Bxc5 12. O-O Nxe5 13. Bxe5 Bb4 14. Bxf6 Bxb5 15. Bxg7 Rg8 16. a3 dxc4 17. Rxb4 Rxg7 18. Ne4 Bc6 19. Qd4 Kf8 20. f3 Rd8 21. Qxc4 Bxe4 22. Qxe4 Rd2 23. Rf2 Rd1+ 24. Rf1 Rd2 25. Rf2 Qxa3 26. g3 Qc1+ 27. Rf1 Rd1 28. Rxd1 Qxd1+ 29. Kg2 Qe2+ 30. Kg1 Qe1+ 31. Kg2 Qe2+ 32. Kg1 Qd1+ 33. Kg2 Qd2+ 34. Kg1 f5 35. Qf4 Qe1+ 36. Kg2 Qe2+ 37. Kh3 Qf1+ 38. Kh4 Re7 39. Qh6+ Ke8 40. Qh5+ Kd8 41. Qg5 Qxf3 42. Rd4+ Qd5 43. Rxd5+ exd5 44. Qg8+ Kc7 45. Qxd5 b6 46. Qxf5 a5 47. e4 a4 48. e5 a3 49. Qf6 Kd7 50. Qd6+ Ke8 51. e6 1-0

[Event "XIII Closed IM BCC 2021"]
[Site "Barcelona"]
[Date "2021.04.09"]
[Round "5.3"]
[White "Ruperez, Miguel"]
[Black "Martin Barcelo, Carles"]
[Result "1/2-1/2"]
[ECO "D71"]
[WhiteElo "2121"]
[BlackElo "2201"]
[Annotator "NA"]
[PlyCount "88"]
[EventDate "2021.04.05"]
[EventType "tourn"]
[EventCountry "ESP"]
[SourceTitle "playchess.com"]
[Source "ChessBase"]
[SourceQuality "1"]
[TimeControl "5400+30"]

1. d4 Nf6 2. c4 g6 3. g3 Bg7 4. Bg2 O-O 5. Nc3 d6 6. Nf3 Bf5 7. Nh4 Bc8 8. Nf3 Bf5 9. Nh4 Bc8 10. O-O c6 11. e4 e5 12. d5 cxd5 13. cxd5 Na6 14. h3 Bd7 15. Be3 b5 16. Qe2 Nc7 17. b4 a5 18. a3 Nfe8 19. Bb6 a4 20. Rac1 Rb8 21. Be3 Na8 22. Nf3 f5 23. Bg5 Qb6 24. exf5 gxf5 25. Kh2 Rc8 26. Qd2 e4 27. Be3 exf3 28. Bxb6 fxg2 29. Kxg2 Nxb6 30. Ne2 Nf6 31. Nf4 Nc4 32. Qd3 Bh6 33. Rfe1 Bxf4 34. gxf4 Kf7 35. Kh2 Rg8 36. Qd4 Rce8 37. Qa7 Rxe1 38. Rxe1 Re8 39. Rg1 Rg8 40. Re1 Re8 41. Rg1 Nd2 42. Rc1 Rg8 43. Qe3 Nc4 44. Qa7 Re8 1/2-1/2

[Event "XIII Closed IM BCC 2021"]
[Site "Barcelona"]
[Date "2021.04.09"]
[Round "5.4"]
[White "Martin Gonzalez, Angel"]
[Black "Munoz, Miguel"]
[Result "1/2-1/2"]
[ECO "B01"]
[WhiteElo "2291"]
[BlackElo "2462"]
[Annotator "ChessBase"]
[PlyCount "86"]
[EventDate "2021.04.05"]
[EventType "tourn"]
[EventCountry "ESP"]
[SourceTitle "playchess.com"]
[Source "ChessBase"]
[SourceQuality "1"]
[TimeControl "5400+30"]

1. e4 d5 2. exd5 Qxd5 3. Nc3 Qa5 4. d4 Nf6 5. Nf3 Bg4 6. h3 Bxf3 7. Qxf3 c6 8. Bd2 Nbd7 9. O-O-O e6 10. Bc4 Bb4 11. a3 Bxc3 12. Bxc3 Qc7 13. g4 Nd5 14. Bd2 b5 15. Bb3 a5 16. h4 N7b6 17. h5 b4 18. a4 h6 19. g5 hxg5 20. Bxg5 f6 21. Bd2 O-O-O 22. Qe2 Rhe8 23. Qa6+ Kd7 24. Rdg1 Re7 25. Kb1 Ra8 26. Qd3 Kc8 27. Rg4 Kb7 28. Qf3 Rd8 29. Rhg1 Rdd7 30. Re4 c5 31. dxc5 Qxc5 32. Be3 Qc6 33. Bxb6 Nxb6 34. Qe2 e5 35. f4 Nxa4 36. Bxa4 Qxa4 37. fxe5 Qc6 38. e6 Rd6 39. Re1 Qd5 40. b3 Qc6 41. Qe3 Qd5 42. Qe2 Qc6 43. Qe3 Qd5 1/2-1/2

[Event "XIII Closed IM BCC 2021"]
[Site "Barcelona"]
[Date "2021.04.09"]
[Round "5.5"]
[White "Asis Gargatagli, Hipolito"]
[Black "Droin, Augustin"]
[Result "1-0"]
[ECO "B12"]
[WhiteElo "2454"]
[BlackElo "2292"]
[Annotator "ChessBase"]
[PlyCount "51"]
[EventDate "2021.04.05"]
[EventType "tourn"]
[EventCountry "ESP"]
[SourceTitle "playchess.com"]
[Source "ChessBase"]
[SourceQuality "1"]
[TimeControl "5400+30"]

1. e4 c6 2. d4 d5 3. f3 Qb6 4. Nc3 dxe4 5. Bc4 Nf6 6. Bb3 Nbd7 7. Nxe4 Nxe4 8. fxe4 c5 9. Nh3 e6 10. O-O Be7 11. Bg5 Qd6 12. c3 cxd4 13. cxd4 f6 14. Be3 g6 15. Nf4 Nf8 16. Rc1 Bd7 17. Nd3 f5 18. Ne5 Bb5 19. exf5 Bxf1 20. Qxf1 Nd7 21. fxg6 hxg6 22. Ba4 Rf8 23. Qd3 Rf5 24. Bxd7+ Kd8 25. Qb3 Rb8 26. Qxb7 1-0

[Event "XIII Closed IM BCC 2021"]
[Site "Barcelona"]
[Date "2021.04.11"]
[Round "7.1"]
[White "Boyer, Mahel"]
[Black "Rodriguez Garcia, Yuliesky"]
[Result "1-0"]
[ECO "D08"]
[WhiteElo "2333"]
[BlackElo "2175"]
[Annotator "RC"]
[PlyCount "69"]
[EventDate "2021.04.05"]
[EventType "tourn"]
[EventCountry "ESP"]
[SourceTitle "playchess.com"]
[Source "ChessBase"]
[SourceQuality "1"]
[TimeControl "5400+30"]

1. d4 d5 2. c4 e5 3. cxd5 Qxd5 4. e3 Nc6 5. Nc3 Bb4 6. a3 Bxc3+ 7. bxc3 exd4 8. cxd4 Nf6 9. Ne2 Ne4 10. Nf4 Qa5+ 11. Bd2 Qxd2+ 12. Qxd2 Nxd2 13. Kxd2 Bd7 14. Rb1 O-O-O 15. Bc4 g5 16. Nd3 Bf5 17. Rb5 Bxd3 18. Bxd3 f6 19. h4 Rdf8 20. Bf5+ Kb8 21. Be4 a6 22. Rb2 Na5 23. Rc1 c6 24. Rc5 b5 25. Bxc6 Rc8 26. Bxb5 Rxc5 27. dxc5 Ka7 28. Bd3 Rc8 29. Rb6 Rxc5 30. Rxa6+ Kb7 31. Rxf6 gxh4 32. Rf7+ Kb6 33. Ke2 Nb3 34. Be4 Ka6 35. Rxh7 1-0